 Dungeon Crawl Stone Soup version 0.23.1 (webtiles) character file.

Game seed: 0

16002 Borgoz the Grappler (level 12, -13/110 HPs)
             Began as a Ghoul Gladiator on Mar 2, 2019.
             Was a Priest of Dithmenos.
             Mangled by a komodo dragon (19 damage)
             ... on level 3 of the Lair of Beasts.
             The game lasted 00:33:31 (10952 turns).

Borgoz the Grappler (Ghoul Gladiator)              Turns: 10952, Time: 00:33:32

Health: -13/110    AC: 11    Str: 19    XL:     12   Next: 32%
Magic:  15/15      EV: 15    Int:  6    God:    Dithmenos [***...]
Gold:   800        SH:  4    Dex: 11    Spells: 5/11 levels left

rFire    + . .     SeeInvis .     - Unarmed
rCold    + . .     Gourm    .   (no shield)
rNeg     + + +     Faith    .   P - +2 ring mail {rF+}
rPois    ∞         Spirit   .   R - +0 helmet
rElec    .         Reflect  +   O - +1 cloak
rCorr    .         Harm     .   (no gloves)
MR       +....                  (no boots)
Stlth    ++++......             t - +4 amulet of reflection
HPRegen  0.00/turn              f - ring of protection from magic
MPRegen  0.14/turn              m - ring of stealth

@: rotting, wreathed by umbra
A: rotting body, claws 1, carnivore, cold resistance 1, negative energy
resistance 3, inhibited regeneration, torment resistance, unbreathing
a: Shadow Step, Renounce Religion


You were on level 3 of the Lair of Beasts.
You worshipped Dithmenos.
Dithmenos was most pleased with you.
You were not hungry.

You visited 3 branches of the dungeon, and saw 15 of its levels.

You collected 800 gold pieces.

Inventory:

Hand Weapons
 b - a +1 blowgun
Missiles
 c - a throwing net (quivered)
 G - 3 needles of confusion
 S - 16 poisoned needles
Armour
 O - a +1 cloak (worn)
 P - a +2 ring mail of fire resistance (worn)
 R - a +0 helmet (worn)
Jewellery
 f - a ring of protection from magic (left claw)
 m - a ring of stealth (right claw)
 p - an uncursed amulet of the acrobat
 t - a +4 amulet of reflection (around neck)
 I - an uncursed ring of protection from cold
Wands
 i - a wand of acid (10)
 k - a wand of disintegration (15)
 r - a wand of scattershot (7)
 v - a wand of flame (29)
 B - a wand of iceblast (6)
 C - a wand of paralysis (5)
 F - a wand of polymorph (17)
Scrolls
 a - 5 scrolls of remove curse
 e - a scroll of holy word {unknown}
 j - a scroll of identify
 o - 4 scrolls of teleportation
 s - a scroll of fear
 H - a scroll of enchant armour
Potions
 g - a potion of magic
 l - a potion of haste
 n - 5 potions of curing
 u - a potion of agility
 x - 5 potions of brilliance
 E - 3 potions of cancellation
 U - a potion of heal wounds
Comestibles
 d - 26 rations


   Skills:
 * Level 11.0 Fighting
 - Level 1.7 Throwing
 + Level 6.2 Armour
 * Level 9.5 Dodging
 + Level 4.0 Stealth
 * Level 11.2 Unarmed Combat
 + Level 3.3 Necromancy
 - Level 5.6 Invocations


You had 5 spell levels left.
You knew the following spells:

 Your Spells              Type           Power        Failure   Level  Hunger
a - Regeneration          Chrm/Necr      #.........   77%         3    ####...
b - Vampiric Draining     Necr           #.........   52%         3    ####...

Your spell library contained the following spells:

 Spells                   Type           Power        Failure   Level  Hunger
 Animate Skeleton         Necr           N/A          21%         1    ##.....
 Pain                     Necr           #...         21%         1    ##.....
 Corona                   Hex            #......      63%         1    ##.....
 Freeze                   Ice            #...         63%         1    ##.....
 Magic Dart               Conj           #...         63%         1    ##.....
 Blink                    Tloc           N/A          77%         2    ###....
 Call Imp                 Summ           #.......     77%         2    ###....
 Slow                     Hex            #.......     77%         2    ###....
 Throw Frost              Conj/Ice       #.....       77%         2    ###....
 Animate Dead             Necr           N/A          90%         4    #####..
 Conjure Flame            Conj/Fire      #.......     94%         3    ####...
 Inner Flame              Hex/Fire       #.......     94%         3    ####...
 Mephitic Cloud           Conj/Pois/Air  #.......     94%         3    ####...
 Ozocubu's Armour         Chrm/Ice       #.......     94%         3    ####...
 Portal Projectile        Hex/Tloc       #.....       94%         3    ####...
 Cause Fear               Hex            #.........   100%        4    #####..
 Leda's Liquefaction      Hex/Erth       #.........   100%        4    #####..
 Summon Ice Beast         Ice/Summ       #.......     100%        4    #####..
 Throw Icicle             Conj/Ice       #.......     100%        4    #####..


Dungeon Overview and Level Annotations

Branches:
Dungeon (11/15)            Temple (1/1) D:6            Lair (3/6) D:10
  Swamp (0/4) Lair:2        Snake (0/4) Lair:3          Orc (0/2) D:10

Altars:
Ashenzari
Cheibriados
Dithmenos
Elyvilon
Fedhas
Gozag
Hepliaklqana
Kikubaaqudgha
Makhleb
Nemelex Xobeh
Okawaru
Qazlal
Ru
Sif Muna
Trog
Uskayaw
Vehumet
Wu Jian
Xom
Yredelemnul
Zin
The Shining One


Innate Abilities, Weirdness & Mutations

Your body is rotting away.
You thrive on raw meat.
You are immune to poison.
You have sharp fingernails.
You are carnivorous and can eat meat at any time.
Your flesh is cold resistant. (rC+)
You are immune to negative energy. (rN+++)
You do not regenerate when monsters are visible.
You are immune to unholy pain and torment.
You can survive without breathing.


Message History

The komodo dragon is almost dead.
The komodo dragon bites you!
* * * LOW HITPOINT WARNING * * *
You scratch the komodo dragon but do no damage.
The komodo dragon is almost dead.
The komodo dragon barely misses you.
You closely miss the komodo dragon. Your claw misses the komodo dragon.
The komodo dragon is almost dead.
Unknown command.
You barely miss the komodo dragon.
The komodo dragon is almost dead.
The komodo dragon bites you!!
* * * LOW HITPOINT WARNING * * *
Throwing (i - inventory)
c - 2 throwing nets (quivered)
Press: ? - help, Shift-Dir - straight line, f - komodo dragon
Aim: a komodo dragon (almost dead, umbra)
You throw a throwing net.
The throwing net barely misses the komodo dragon.
The komodo dragon bites you!!
You die...

####.P..÷.##
##.#......#.#
#......##..####
#######...###.##...##
#..#.....P# #####.... $
#......#.## ###....
PPP#.....##..# #..P...
.............###..#...!.
(.....l@.......##.......
.............###.##.....
.....#####P### # ###...
.... ### ##.. ... #.. ..
#.. . #.. #.. #...


You could see a komodo dragon.

Vanquished Creatures
  2 hydras
  A two-headed ogre (D:10)
  Erica (Lair:1)
  An unseen horror (D:10)
  4 elephants (Lair:2)
  A black mamba (Lair:3)
  A rime drake (Lair:2)
  A komodo dragon (Lair:1)
  2 trolls
  2 dream sheep (D:10)
  Grinder (D:3)
  A bog body (Lair:2)
  A hippogriff (D:9)
  Sigmund (D:3)
  A shadow (D:10)
  13 yaks
  2 hungry ghosts
  A basilisk (Lair:1)
  Menkaure (D:7)
  6 porcupines
  3 water moccasins
  Duvessa (D:7)
  3 sky beasts
  3 orc warriors
  An ice beast (D:8)
  3 black bears
  6 ogres
  2 phantoms
  A necrophage (D:10)
  4 centaurs
  3 crocodiles
  5 big kobolds
  10 bullfrogs
  Dowan (D:7)
  A wyvern skeleton (D:5)
  2 scorpions
  8 killer bees
  3 wights (D:7)
  An electric eel (Lair:1)
  9 howler monkeys
  5 crimson imps
  A bullfrog zombie (D:8)
  3 orc priests
  A centaur skeleton (D:4)
  5 hounds
  3 iguanas
  2 jellies
  5 orc wizards
  Crazy Yiuf (D:7)
  8 worker ants
  A hound zombie (D:6)
  2 hound skeletons
  Robin (D:3)
  2 worker ant zombies
  8 gnolls
  3 howler monkey skeletons
  12 adders
  3 shadow imps
  An ooze (D:2)
  4 adder skeletons
  4 worms (D:2)
  2 dart slugs
  7 leopard geckos
  23 orcs
  3 ball pythons
  13 bats
  6 giant cockroaches
  13 hobgoblins
  15 jackals
  13 kobolds
  6 quokkas
  2 frilled lizards
  21 goblins
  A quokka skeleton (D:9)
  11 rats
325 creatures vanquished.

Vanquished Creatures (others)
  16 fungi
  5 plants
21 creatures vanquished.

Grand Total: 346 creatures vanquished

Notes
Turn   | Place    | Note
-------+----------+-------------------------------------------
     0 | D:1      | Borgoz the Ghoul Gladiator began the quest for the Orb.
     0 | D:1      | Reached XP level 1. HP: 17/17 MP: 0/0
   112 | D:1      | Reached XP level 2. HP: 22/25 MP: 1/1
   296 | D:1      | Reached XP level 3. HP: 27/30 MP: 2/2
   366 | D:1      | Reached skill level 1 in Armour
   659 | D:2      | Reached XP level 4. HP: 32/37 MP: 3/3
   749 | D:2      | Found a snail-covered altar of Cheibriados.
   837 | D:2      | Reached XP level 5. HP: 15/45 MP: 4/4
  1360 | D:3      | Noticed Robin
  1446 | D:3      | Killed Robin
  1482 | D:3      | Found a shadowy altar of Dithmenos.
  1510 | D:3      | Became a worshipper of Dithmenos the Shadowed
  1717 | D:3      | Noticed a centaur
  1722 | D:3      | Killed a centaur
  1722 | D:3      | Reached XP level 6. HP: 29/52 MP: 5/5
  1864 | D:3      | Noticed Grinder
  1865 | D:3      | Noticed Sigmund
  1874 | D:3      | Paralysed by Grinder for 2 turns
  1964 | D:4      | Reached skill level 5 in Unarmed Combat
  2017 | D:4      | Found a radiant altar of Vehumet.
  2055 | D:4      | Reached * piety under Dithmenos
  2123 | D:4      | Reached XP level 7. HP: 58/60 MP: 6/6
  2459 | D:3      | Paralysed by Grinder for 4 turns
  2469 | D:3      | Killed Grinder
  2469 | D:3      | Reached skill level 1 in Invocations
  2514 | D:3      | Killed Sigmund
  2514 | D:3      | Reached skill level 5 in Fighting
  2612 | D:3      | Found a white marble altar of Elyvilon.
  2738 | D:5      | Entered Level 5 of the Dungeon
  2746 | D:5      | Reached XP level 8. HP: 48/68 MP: 8/8
  2747 | D:5      | Found a blossoming altar of Fedhas.
  2836 | D:4      | Reached skill level 5 in Dodging
  3181 | D:5      | Found a hazy altar of Hepliaklqana.
  3335 | D:6      | Found a staircase to the Ecumenical Temple.
  3361 | D:6      | Reached ** piety under Dithmenos
  3797 | D:6      | Reached XP level 9. HP: 75/78 MP: 10/10
  3912 | Temple   | Entered the Ecumenical Temple
  4703 | D:7      | Found a basalt altar of Yredelemnul.
  4756 | D:7      | Found an iron altar of Okawaru.
  4766 | D:7      | Noticed Menkaure
  4775 | D:7      | Killed Menkaure
  4782 | D:7      | Learned a level 3 spell: Regeneration
  4786 | D:7      | Learned a level 3 spell: Vampiric Draining
  4946 | D:7      | Noticed Duvessa
  4947 | D:7      | Noticed Dowan
  4958 | D:7      | Killed Duvessa
  4980 | D:7      | Killed Dowan
  5112 | D:7      | Found a runed translucent door.
  5113 | D:7      | Noticed Crazy Yiuf
  5263 | D:7      | Reached *** piety under Dithmenos
  5709 | D:7      | Killed Crazy Yiuf
  5936 | D:8      | Found an opulent altar of Gozag.
  6027 | D:8      | Found an ancient bone altar of Kikubaaqudgha.
  6030 | D:8      | Found an ornate altar of the Wu Jian Council.
  6034 | D:8      | Found a bloodstained altar of Trog.
  6035 | D:8      | Found a burning altar of Makhleb.
  6379 | D:8      | Reached XP level 10. HP: 79/88 MP: 12/12
  6390 | D:8      | Got a jade-encrusted plate armour
  7074 | D:10     | Entered Level 10 of the Dungeon
  7092 | D:9      | Reached **** piety under Dithmenos
  7124 | D:10     | Noticed a two-headed ogre
  7238 | D:10     | Reached skill level 5 in Invocations
  7284 | D:10     | Noticed a three-headed hydra
  7296 | D:10     | Killed a three-headed hydra
  7296 | D:10     | Reached skill level 5 in Armour
  7416 | D:9      | Reached XP level 11. HP: 71/97 MP: 14/14
  7606 | D:9      | Found a shimmering altar of Xom.
  8027 | D:10     | Reached skill level 10 in Unarmed Combat
  8051 | D:10     | Reached skill level 1 in Stealth
  8071 | D:10     | Killed a two-headed ogre
  8071 | D:10     | Reached skill level 1 in Necromancy
  8154 | D:10     | Found a staircase to the Lair.
  8202 | D:10     | Reached skill level 10 in Fighting
  8496 | D:10     | Killed an unseen horror
  8526 | D:10     | Found a staircase to the Orcish Mines.
  8597 | D:10     | Reached ***** piety under Dithmenos
  9009 | D:11     | Noticed a brown ugly thing
  9033 | Lair:1   | Entered Level 1 of the Lair of Beasts
  9037 | Lair:1   | Noticed Erica
  9046 | Lair:1   | Killed Erica
  9102 | Lair:1   | Identified the +3 plate armour of the Locust {Dex+3} (You
                  | found it on level 8 of the Dungeon)
  9311 | Lair:1   | Identified a scroll of acquirement
  9312 | Lair:1   | Got a warped amethyst amulet
  9335 | Lair:1   | Identified the amulet of the Saviour {Faith rN++ Str-4
                  | Int-2 Stlth+} (You acquired it on level 1 of the Lair of
                  | Beasts)
 10144 | Lair:2   | Reached XP level 12. HP: 82/108 MP: 15/15
 10385 | Lair:2   | Found a staircase to the Swamp.
 10735 | Lair:3   | Found a staircase to the Snake Pit.
 10832 | Lair:3   | Noticed a seven-headed hydra
 10846 | Lair:3   | Killed a seven-headed hydra
 10952 | Lair:3   | Mangled by a komodo dragon

Skill      XL: |  1  2  3  4  5  6  7  8  9 10 11 12 |
---------------+-------------------------------------+-----
Dodging        | 3 4 5 7 8 9 |  9.5
Armour         | 1 2 3 4 5 6 |  6.2
Fighting       | 3 4 5 6 8 9 10 11 | 11.0
Unarmed Combat | 4 5 6 7 8 9 10 11 | 11.2
Invocations    | 1 3 4 5 |  5.6
Stealth        | 3 4 |  4.0
Necromancy     | 2 3 |  3.3
Throwing       | |  1.7

Action                   |  1- 3 |  4- 6 |  7- 9 | 10-12 || total
-------------------------+-------+-------+-------+-------++-------
Melee: Unarmed           |   122 |   254 |   415 |   628 ||  1419
       Punch             |     1 |     5 |    15 |    39 ||    60
Throw: Throwing net      |       |       |       |     6 ||     6
Evoke: Wand              |       |       |       |     2 ||     2
  Use: Scroll            |       |       |     9 |    16 ||    25
       Potion            |       |       |     2 |     6 ||     8
 Stab: Sleeping          |       |       |       |     8 ||     8
       Held in net/web   |       |       |       |     3 ||     3
  Eat: Chunk             |     5 |    24 |    21 |    66 ||   116
Armor: Leather armour    |    22 |       |       |       ||    22
       Ring mail         |    33 |    80 |    89 |   148 ||   350
Dodge: Dodged            |    98 |   159 |   258 |   428 ||   943
Block: Other             |       |     3 |    75 |    94 ||   172
       Reflection        |       |       |       |     3 ||     3
